 Dungeon Crawl Stone Soup version 0.18-b1-16-g289874d (webtiles) character file.

6690 otab the Basher (level 11, 0/115 HPs)
             Began as an Ogre Berserker on May 1, 2016.
             Was a High Priest of Trog.
             Succumbed to a killer bee's poison
             ... on level 10 of the Dungeon.
             The game lasted 00:14:17 (10955 turns).

otab the Basher (Ogre Berserker)                   Turns: 10955, Time: 00:14:18

Health: 0/115      AC:  8    Str: 24    XL:     11   Next: 3%
Magic:  11/11      EV: 14    Int:  4    God:    Trog [*****.]
Gold:   354        SH:  0    Dex: 12    Spells: 0 memorised, 10 levels left

rFire  . . .     SeeInvis .     B - +0 giant spiked club
rCold  . . .     Gourm    .     v - +2 animal skin
rNeg   + . .     Faith    +     (shield currently unavailable)
rPois  .         Spirit   .     (helmet restricted)
rElec  .         Dismiss  .     p - +2 cloak
rCorr  .         Reflect  .     (gloves unavailable)
SustAt .         Harm     .     (boots unavailable)
MR     +++..                    n - amulet of faith
Stlth  +.........               d - ring of positive energy
                                i - ring of protection from magic

@: lethally poisoned (0 -> -11), exhausted, slowed, very slow, extremely
resistant to hostile enchantments, very unstealthy
A: unfitting armour, fangs 2, dopey 1, magic resistance 1, tough skin 1
a: Berserk, Trog's Hand, Brothers in Arms, Burn Spellbooks, Renounce Religion


You were on level 10 of the Dungeon.
You worshipped Trog.
Trog was extremely pleased with you.
You were not hungry.

You visited 1 branch of the dungeon, and saw 10 of its levels.

You collected 582 gold pieces.
You spent 228 gold pieces at shops.

Inventory:

Hand Weapons
 B - a +0 giant spiked club (weapon)
Armour
 p - a +2 cloak (worn)
 v - a +2 animal skin (worn)
Jewellery
 d - a ring of positive energy (right hand)
 i - a ring of protection from magic (left hand)
 n - an amulet of faith (around neck)
 o - an uncursed ring of stealth {unknown}
 r - an uncursed ring of magical power
Wands
 b - a wand of enslavement (16/24)
 m - a wand of acid (5/15)
 q - a wand of flame (11/48)
 y - a wand of flame (13/48)
 F - a wand of paralysis (17/24)
Scrolls
 f - 3 scrolls of fog
 g - 4 scrolls of teleportation
 h - 6 scrolls of remove curse
 u - 5 scrolls of identify
 C - a scroll of recharging
Potions
 e - 2 potions of haste
 j - a potion of flight
 k - a potion of brilliance
 l - a potion of resistance
 s - a potion of magic
 t - 5 potions of curing
 x - a potion of might
 z - 3 potions of agility
Comestibles
 c - 3 bread rations
 w - 11 royal jellies
 A - 3 fruits
 E - 2 beef jerkies


   Skills:
 + Level 9.5 Fighting
 * Level 13.7 Maces & Flails
 + Level 10.2 Dodging
 + Level 0.5 Evocations


You had 10 spell levels left.
You didn't know any spells.

Dungeon Overview and Level Annotations

Branches:
Dungeon (10/15)            Temple (0/1) D:6
   Lair: D:8-11         Orc: D:9-12

Altars:
Pakellas
Qazlal
Sif Muna
Yredelemnul

Shops:
D:5 !}*


Innate Abilities, Weirdness & Mutations

You are too large for most types of armour.
You have tough skin (AC +1).
You have extremely sharp teeth.
You are dopey. (Int -2)
You are resistant to hostile enchantments.


Message History

The killer bee stings you.
* * * LOW HITPOINT WARNING * * *
You completely miss the killer bee. Your bite misses the killer bee.
The killer bee is almost dead.
The killer bee stings you.
* * * LOW HITPOINT WARNING * * *
You are poisoned.
The killer bee poisons you! The killer bee misses you.
The killer bee stings you but does no damage.
You're too hungry.
Eat which item? (? for menu, Esc to quit)
You feel sick. The killer bee stings you.
* * * LOW HITPOINT WARNING * * *
You are more poisoned.
The killer bee poisons you! The killer bee stings you.
* * * LOW HITPOINT WARNING * * *
You are more poisoned.
The killer bee poisons you! The killer bee barely misses you.
You continue eating.
You die...

#.# #.# #.# #.#
#.#####.## ..#
#......... #.#
#.#####.## #.# #.#
#.# #.#######.#
#.# #y.†......#
#.#
#y#######.#####.##
#@# #......... #<#
#.......## ..#
#.......# ##.#
#.......# #.#
#.......# #.#
#.......## .. #.#
#.........
#.#####.#
#.......).
#.......#
###.........


You could see 2 killer bees.

Vanquished Creatures
  Joseph (D:9)
  Psyche (D:8)
  Grinder (D:6)
  A two-headed ogre (D:8)
  Prince Ribbit (D:6)
  3 yaks (D:9)
  Sigmund (D:2)
  Grum (D:8)
  A hippogriff (D:6)
  2 hungry ghosts
  A water moccasin (D:6)
  An orc warrior (D:8)
  A sky beast (D:5)
  2 ice beasts (D:6)
  An eye of draining (D:9)
  2 black bears
  4 ogres
  5 centaurs
  A phantom (D:8)
  3 wolves (D:8)
  Blork the orc (D:4)
  4 giant frogs
  3 scorpions
  4 wights (D:8)
  6 killer bees
  2 howler monkeys
  2 crimson imps
  A quasit (D:8)
  3 hounds
  Crazy Yiuf (D:2)
  7 orc priests
  A giant frog zombie (D:6)
  6 jellies
  A centaur skeleton (D:4)
  Terence (D:2)
  5 iguanas
  7 worker ants
  8 orc wizards
  A killer bee zombie (D:5)
  A hound zombie (D:8)
  A howler monkey skeleton (D:7)
  Robin (D:3)
  11 adders
  A shadow imp (D:5)
  8 oozes
  An adder skeleton (D:7)
  A worm (D:3)
  3 dart slugs
  9 giant geckos
  34 orcs
  A ball python (D:2)
  11 bats
  6 giant cockroaches
  6 hobgoblins
  12 jackals
  7 kobolds
  9 quokkas
  2 giant gecko skeletons
  7 giant newts
  19 goblins
  A quokka skeleton (D:4)
  11 rats
261 creatures vanquished.

Notes
Turn   | Place    | Note
--------------------------------------------------------------
     0 | D:1      | otab the Ogre Berserker began the quest for the Orb.
     0 | D:1      | Reached XP level 1. HP: 24/24 MP: 1/1
    90 | D:1      | Reached XP level 2. HP: 10/33 MP: 2/2
   749 | D:1      | Reached ** piety under Trog
   824 | D:1      | Reached XP level 3. HP: 30/40 MP: 3/3
  1393 | D:2      | Noticed Sigmund
  1436 | D:2      | Noticed Terence
  1472 | D:2      | Killed Sigmund
  1472 | D:2      | Reached skill level 5 in Fighting
  1472 | D:2      | Reached skill level 5 in Maces & Flails
  1472 | D:2      | Reached XP level 4. HP: 45/50 MP: 4/4
  1472 | D:2      | Reached XP level 5. HP: 51/57 MP: 5/5
  1481 | D:2      | Killed Terence
  1481 | D:2      | Reached XP level 6. HP: 29/66 MP: 6/6
  1884 | D:2      | Noticed Crazy Yiuf
  1891 | D:2      | Killed Crazy Yiuf
  1991 | D:2      | Reached *** piety under Trog
  2249 | D:3      | Reached skill level 6 in Maces & Flails
  2485 | D:3      | Found a stormy altar of Qazlal.
  2569 | D:3      | Noticed Robin
  2606 | D:3      | Killed Robin
  2846 | D:3      | Reached **** piety under Trog
  3329 | D:4      | Reached skill level 5 in Dodging
  3335 | D:4      | Reached XP level 7. HP: 62/75 MP: 7/7
  3469 | D:4      | Noticed Blork the orc
  3479 | D:4      | Killed Blork the orc
  3701 | D:4      | Reached skill level 7 in Maces & Flails
  3933 | D:4      | Reached ***** piety under Trog
  4474 | D:4      | Reached skill level 8 in Maces & Flails
  4474 | D:4      | Reached XP level 8. HP: 81/84 MP: 8/8
  4846 | D:5      | Entered Level 5 of the Dungeon
  4846 | D:5      | Found Koahuir's Distillery.
  4847 | D:5      | Found Bewol's Gadget Boutique.
  4870 | D:5      | Bought a potion of ambrosia for 96 gold pieces
  4870 | D:5      | Bought a potion of curing for 36 gold pieces
  4870 | D:5      | Bought 2 potions of agility for 96 gold pieces
  5261 | D:5      | Found Marur's General Store.
  5477 | D:5      | Reached skill level 9 in Maces & Flails
  5564 | D:5      | Gained mutation: You can translocate small distances at will. [mutagenic meat]
  5565 | D:5      | Gained mutation: You are dopey. (Int -2) [mutagenic meat]
  5566 | D:5      | Gained mutation: You are resistant to hostile enchantments. [mutagenic meat]
  5567 | D:5      | Gained mutation: You have very sharp teeth. [mutagenic meat]
  5568 | D:5      | Gained mutation: You have extremely sharp teeth. [mutagenic meat]
  5569 | D:5      | Lost mutation: You can translocate small distances at will. [mutagenic meat]
  5979 | D:6      | Reached XP level 9. HP: 65/93 MP: 9/9
  6319 | D:6      | Noticed Prince Ribbit
  6332 | D:6      | Reached skill level 10 in Maces & Flails
  6372 | D:6      | Found a staircase to the Ecumenical Temple.
  6625 | D:6      | Noticed Grinder
  6637 | D:6      | Killed Grinder
  6666 | D:6      | Killed Prince Ribbit
  7665 | D:6      | Reached skill level 11 in Maces & Flails
  8077 | D:7      | Found a basalt altar of Yredelemnul.
  8249 | D:7      | Found an oddly glowing altar of Pakellas.
  8321 | D:8      | Reached XP level 10. HP: 106/106 MP: 3/10
  8475 | D:8      | Reached skill level 12 in Maces & Flails
  8611 | D:8      | Noticed Grum
  8640 | D:8      | Received a gift from Trog
  8650 | D:8      | Killed Grum
  8655 | D:8      | HP: 5/106 [wolf[Grum] (6)]
  8958 | D:8      | Noticed Psyche
  8967 | D:8      | Killed Psyche
  9638 | D:9      | Reached skill level 13 in Maces & Flails
 10189 | D:9      | Reached skill level 10 in Dodging
 10265 | D:9      | Noticed Joseph
 10280 | D:9      | Killed Joseph
 10492 | D:9      | Found a deep blue altar of Sif Muna.
 10793 | D:10     | Entered Level 10 of the Dungeon
 10912 | D:10     | Reached XP level 11. HP: 110/115 MP: 11/11
 10954 | D:10     | HP: 1/115 [killer bee (6)]
 10955 | D:10     | Succumbed to a killer bee's poison

Skill      XL: |  1  2  3  4  5  6  7  8  9 10 |
---------------+-------------------------------+-----
Dodging        | 3 4 5 7 8 10 | 10.2
Fighting       | 5 6 7 8 9 |  9.5
Maces & Flails | 5 6 8 9 11 13 | 13.7
Evocations     | |  0.5

Action                   |  1- 3 |  4- 6 |  7- 9 | 10-12 || total
-------------------------+-------+-------+-------+-------++-------
Melee: Mace              |   144 |   183 |   260 |       ||   587
       Bite              |       |       |    24 |    30 ||    54
       Flail             |       |       |   158 |   195 ||   353
       Giant spiked club |       |       |       |    51 ||    51
Invok: Berserk           |     3 |     2 |     7 |     6 ||    18
       Trog's Hand       |     1 |       |     1 |     1 ||     3
Evoke: Wand              |       |       |       |     3 ||     3
  Use: Potion            |     3 |       |     2 |     3 ||     8
       Scroll            |       |       |    18 |     4 ||    22
 Stab: Sleeping          |       |     1 |       |       ||     1
       Distracted        |       |       |     1 |       ||     1
  Eat: Chunk             |     2 |     1 |    22 |     4 ||    29
       Bread ration      |     1 |       |       |     4 ||     5
       Meat ration       |       |     1 |     1 |       ||     2
       Pizza             |       |       |     1 |     1 ||     2
       Beef jerky        |       |       |     1 |       ||     1
Armor: Animal skin       |    44 |    57 |   128 |    68 ||   297
Dodge: Dodged            |    77 |    42 |   102 |   156 ||   377
Block: Shield            |    63 |     7 |       |       ||    70
       Large shield      |       |   137 |   276 |   116 ||   529
